 Dungeon Crawl Stone Soup version 0.22.1-2-g9c5b331383 (webtiles) character file.

1649 Jynx the Jinx (level 8, -5/36 HPs)
             Began as a Spriggan Enchanter on Dec 4, 2018.
             Was an Initiate of Ashenzari.
             Hit by a tomahawk thrown by an orc warrior (18 damage)
             ... on level 6 of the Dungeon.
             The game lasted 00:15:33 (8915 turns).

Jynx the Jinx (Spriggan Enchanter)                  Turns: 8915, Time: 00:15:35

Health: -5/36      AC:  5    Str:  4    XL:     8   Next: 67%
Magic:  15/18      EV: 18    Int: 17    God:    Ashenzari [......]
Gold:   262        SH:  0    Dex: 18    Spells: 9/19 levels left

rFire    . . .     SeeInvis +   k - +0 dagger (venom)
rCold    + . .     Gourm    .   (shield restricted)
rNeg     . . .     Faith    .   b - +2 robe
rPois    .         Spirit   .   (helmet restricted)
rElec    .         Reflect  .   t - +0 cloak (curse)
rCorr    .         Harm     .   (gloves unavailable)
MR       +....                  (boots unavailable)
Stlth    ++++......             (no amulet)
HPRegen  0.12/turn              f - ring of stealth
MPRegen  0.16/turn              n - ring of protection from cold

@: very quick
A: very small, unfitting armour, see invisible, herbivore, speed 3, slow
metabolism 2
a: Curse Item, Renounce Religion


You were on level 6 of the Dungeon.
You worshipped Ashenzari.
Ashenzari was noncommittal.
You were not hungry.

You visited 2 branches of the dungeon, and saw 7 of its levels.

You collected 262 gold pieces.

Inventory:

Hand Weapons
 h - a +2 dagger of holy wrath
 k - a +0 dagger of venom (weapon)
Armour
 b - a +2 robe (worn)
 t - a cursed +0 cloak (worn)
Jewellery
 f - a ring of stealth (left hand)
 n - a ring of protection from cold (right hand)
 o - an uncursed ring of resist corrosion
Wands
 c - a wand of flame (75)
 g - a wand of enslavement (12)
Scrolls
 p - a scroll of remove curse
 s - 2 scrolls of magic mapping
 u - 2 scrolls of fog
Potions
 a - 3 potions of brilliance
 e - 2 potions of magic {unknown}
 i - 2 potions of degeneration {unknown}
 j - a potion of flight {unknown}
 l - 2 potions of lignification {unknown}
 m - 2 potions of heal wounds {unknown}
 q - a potion of cancellation {unknown}
 r - a potion of curing
Comestibles
 d - 3 rations


   Skills:
 * Level 7.7 Short Blades
 - Level 3.0 Dodging
 - Level 4.4 Stealth
 + Level 6.3 Spellcasting
 * Level 9.2 Hexes


You had 9 spell levels left.
You knew the following spells:

 Your Spells              Type           Power        Failure   Level  Hunger
a - Corona                Hex            #####..      1%          1    None
b - Ensorcelled Hibernat  Hex/Ice        ###...       2%          2    None
c - Confuse               Hex            #####...     1%          3    ##.....
d - Tukima's Dance        Hex            #####...     1%          3    ##.....
e - Confusing Touch       Hex            #####.       1%          1    None

Your spell library contained the following spells:

 Spells                   Type           Power        Failure   Level  Hunger
 Dazzling Spray           Conj/Hex       ###...       5%          3    ##.....
 Gell's Gravitas          Tloc           #.........   36%         3    ##.....
 Metabolic Englaciation   Hex/Ice        ###.......   45%         5    #####..
 Yara's Violent Unravell  Hex/Tmut       ###.......   45%         5    #####..
 Petrify                  Tmut/Erth      #.......     77%         4    ####...


Dungeon Overview and Level Annotations

Branches:
Dungeon (6/15)             Temple (1/1) D:5

Altars:
Ashenzari
Gozag
Hepliaklqana
Kikubaaqudgha
Makhleb
Nemelex Xobeh
Okawaru
Qazlal
Ru
Uskayaw
Xom
Yredelemnul
Zin
The Shining One

Shops:
D:4 !   D:5 (


Innate Abilities, Weirdness & Mutations

You are very small and have problems with some larger weapons.
You are too small for most types of armour.
You have supernaturally acute eyesight. (SInv)
You are a herbivore.
You cover ground extremely quickly.
You need to consume almost no food.


Message History

Aim: an orc wizard, wielding a dagger and wearing a robe (chance to defeat MR: The orc wizard looks drowsy...
An adder skeleton comes into view.
The helpless orc wizard fails to defend itself.
You spit the orc wizard like a pig!!!
You kill the orc wizard!
The orc warrior throws a tomahawk.
The tomahawk hits you!
Casting: Ensorcelled Hibernation (safe; 2% risk of failure)
Confirm with . or Enter, or press ? or * to list all spells.
Aiming: Ensorcelled Hibernation (safe; 2% risk of failure)
Press: ? - help, Shift-Dir - straight line, f - orc wizard
Aim: an orc wizard, wielding a dagger and wearing a robe (chance to defeat MR: The orc wizard looks drowsy...
The helpless orc wizard fails to defend itself.
You perforate the orc wizard like a sieve!!!
You kill the orc wizard!
The orc shouts! x2; You hear a shout!
The orc warrior throws a tomahawk.
The tomahawk hits you!!
Ouch! That really hurt!
You die...

#o....#o.....#
o..ยง...Z..o
#..o.o# ##o.#
#.o.# #o)##
#oo# #.)##
##.@## .#
##..####.#
##.....#
##<..## #####


You could see an orc warrior, an orc wizard and 4 orcs.

Vanquished Creatures
  Sigmund (D:4)
  A phantom (D:5)
  An ogre (D:4)
  A gnoll sergeant (D:5)
  A scorpion (D:4)
  A howler monkey (D:5)
  2 crimson imps (D:5)
  4 hounds
  6 orc priests
  A jelly (D:5)
  Crazy Yiuf (D:4)
  2 worker ants (D:4)
  Ijyb (D:3)
  3 orc wizards
  Robin (D:2)
  5 gnolls
  10 adders
  A shadow imp (D:5)
  An ooze (D:5)
  6 worms
  4 dart slugs
  7 leopard geckos
  15 orcs
  4 ball pythons
  8 bats
  12 giant cockroaches
  17 goblins
  14 hobgoblins
  10 jackals
  5 quokkas
  9 frilled lizards
  6 kobolds
  A leopard gecko skeleton (D:4)
  7 rats
169 creatures vanquished.

Vanquished Creatures (collateral kills)
  Edmund (D:5)
  3 ogres (D:5)
  2 gnolls
  2 orcs (D:5)
  A goblin (D:2)
  A frilled lizard (D:4)
10 creatures vanquished.

Vanquished Creatures (others)
  3 dancing weapons
  A ball python (D:2)
4 creatures vanquished.

Grand Total: 183 creatures vanquished

Notes
Turn   | Place    | Note
-------+----------+-------------------------------------------
     0 | D:1      | Jynx the Spriggan Enchanter began the quest for the Orb.
     0 | D:1      | Reached XP level 1. HP: 9/9 MP: 5/5
    77 | D:1      | Reached XP level 2. HP: 6/13 MP: 2/6
    80 | D:1      | Reached skill level 4 in Hexes
   439 | D:1      | Learned a level 2 spell: Ensorcelled Hibernation
  1367 | D:1      | Reached XP level 3. HP: 12/16 MP: 8/8
  1639 | D:1      | Learned a level 3 spell: Confuse
  2349 | D:2      | Reached XP level 4. HP: 21/21 MP: 10/10
  2354 | D:2      | Learned a level 3 spell: Tukima's Dance
  2940 | D:2      | Found a glowing golden altar of the Shining One.
  2942 | D:2      | Noticed an angel
  2962 | D:2      | Noticed Robin
  3403 | D:2      | Reached skill level 5 in Hexes
  3425 | D:2      | Found a basalt altar of Yredelemnul.
  3506 | D:2      | Killed Robin
  3930 | D:2      | Reached XP level 5. HP: 7/24 MP: 11/11
  4085 | D:3      | Found a shimmering altar of Xom.
  4657 | D:3      | Learned a level 1 spell: Confusing Touch
  4837 | D:3      | Noticed Ijyb
  4847 | D:3      | Killed Ijyb
  5097 | D:3      | Found a sacrificial altar of Ru.
  5302 | D:4      | Noticed an ogre
  5360 | D:4      | Killed an ogre
  5360 | D:4      | Reached skill level 6 in Hexes
  5360 | D:4      | Reached XP level 6. HP: 17/28 MP: 0/13
  5866 | D:4      | Reached skill level 5 in Short Blades
  5917 | D:4      | Reached XP level 7. HP: 28/32 MP: 0/14
  5940 | D:4      | Reached skill level 7 in Hexes
  6378 | D:4      | Found an iron altar of Okawaru.
  6648 | D:4      | Noticed Sigmund
  6652 | D:4      | Found Miheas's Distillery.
  6655 | D:4      | Killed Sigmund
  6655 | D:4      | Reached skill level 5 in Spellcasting
  7172 | D:4      | Found a runed door.
  7176 | D:4      | Noticed Crazy Yiuf
  7185 | D:4      | Killed Crazy Yiuf
  7314 | D:5      | Entered Level 5 of the Dungeon
  7339 | D:5      | Reached skill level 8 in Hexes
  7339 | D:5      | Reached XP level 8. HP: 26/36 MP: 2/17
  7433 | D:5      | Found a staircase to the Ecumenical Temple.
  7636 | Temple   | Entered the Ecumenical Temple
  7767 | Temple   | Became a worshipper of Ashenzari the Shackled
  7809 | D:5      | Found Kegaush's Antique Weapon Shoppe.
  8288 | D:5      | Found a burning altar of Makhleb.
  8303 | D:5      | Noticed Edmund
  8321 | D:5      | Killed Edmund
  8321 | D:5      | Reached skill level 9 in Hexes
  8915 | D:6      | Hit by a tomahawk thrown by an orc warrior

Skill      XL: |  1  2  3  4  5  6  7  8 |
---------------+-------------------------+-----
Hexes          | 4 5 6 8 9 |  9.2
Spellcasting   | 3 4 5 6 |  6.3
Short Blades   | 2 3 4 5 6 7 |  7.7
Dodging        | |  3.0
Stealth        | |  4.4

Action                   |  1- 3 |  4- 6 |  7- 9 || total
-------------------------+-------+-------+-------++-------
Melee: Dagger            |   153 |   285 |   286 ||   724
 Cast: Corona            |    16 |     7 |     8 ||    31
       Ensorcelled Hiber |     4 |     7 |     2 ||    13
       Tukima's Dance    |       |     5 |    11 ||    16
       Confuse           |       |    12 |    11 ||    23
       Confusing Touch   |       |     1 |       ||     1
  Use: Scroll            |     4 |     8 |     1 ||    13
       Potion            |       |     2 |       ||     2
 Stab: Sleeping          |     6 |    15 |     9 ||    30
       Confused          |       |     5 |     5 ||    10
       Distracted        |       |     1 |       ||     1
  Eat: Ration            |       |     2 |     3 ||     5
Armor: Robe              |    21 |    13 |    21 ||    55
Dodge: Dodged            |   120 |   203 |   162 ||   485
